 Dungeon Crawl Stone Soup version 0.27-a0-1442-g87b6fcb595 (webtiles) character file.

Game seed: 15454356082942021887

171 lmSkywalker the Chiller (level 5, 0/37 HPs)
             Began as a Human Ice Elementalist on July 4, 2021.
             Slain by an orc wizard (3 damage)
             ... on level 3 of the Dungeon.
             The game lasted 00:10:52 (3741 turns).

lmSkywalker the Chiller (Human Ice Elementalist)    Turns: 3741, Time: 00:10:53

Health: 0/37       AC:  4    Str:  6 (9)  XL:     5   Next: 81%
Magic:  9/9        EV: 12    Int: 13 (16) God:
Gold:   43         SH:  0    Dex: 12 (15) Spells: 9/10 levels left

rFire    . . .     SeeInvis .   h - +2 short sword (speed)
rCold    . . .     Faith    .   (no shield)
rNeg     . . .     Spirit   .   s - +0 leather armour
rPois    .         Reflect  .   (no helmet)
rElec    .         Harm     .   (no cloak)
rCorr    .         Rampage  .   q - +0 pair of gloves
Will     .....                  (no boots)
Stlth    +.........             (no amulet)
HPRegen  0.12/turn              (no ring)
MPRegen  0.11/turn              (no ring)

@: confused
A: agile 1, screaming 1
a: no special abilities


You were on level 3 of the Dungeon.
You visited 1 branch of the dungeon, and saw 3 of its levels.

You collected 43 gold pieces.

Inventory:

Hand Weapons
 h - a +2 short sword of speed (weapon)
Missiles
 c - 87 stones (quivered)
Armour
 o - a +0 ring mail
 q - a +0 pair of gloves (worn)
 s - a +0 leather armour (worn)
Scrolls
 b - a scroll of brand weapon {unknown}
 d - a scroll of vulnerability {unknown}
 e - 3 scrolls of blinking {unknown}
 f - a scroll of identify {unknown}
 g - a scroll of amnesia {unknown}
 k - 2 scrolls of fog {unknown}
 l - a scroll of magic mapping {unknown}
 m - a scroll of enchant weapon {unknown}
Potions
 j - a potion of magic
 r - a potion of ambrosia {unknown}


   Skills:
 + Level 1.0 Fighting
 + Level 1.1 Short Blades
 + Level 0.9 Armour
 + Level 3.2 Dodging
 - Level 2.0 Stealth
 + Level 3.0 Spellcasting
 + Level 4.8 Ice Magic


You had 9 spell levels left.
You knew the following spells:

 Your Spells              Type           Power      Damage    Failure   Level
a - Freeze                Ice            56%        1d7       4%          1

Your spell library contained the following spells:

 Spells                   Type           Power      Damage    Failure   Level
 Frozen Ramparts          Ice            28%        1d4       14%         3
 Ozocubu's Armour         Ice            14%        N/A       14%         3
 Hailstorm                Conj/Ice       8%         3d4       78%         4


Dungeon Overview and Level Annotations

Branches:
Dungeon (3/15)

Altars:

Shops:
D:1 *

Annotations:
D:2 1 runed translucent door, Crazy Yiuf


Innate Abilities, Weirdness & Mutations

You are agile. (Dex +2)
You occasionally shout uncontrollably at your foes.


Message History

You miss something.
You hear some strange, mumbled words.
A puff of flame appears from out of thin air!
The puff of flame hits you.
You hit something but do no damage. You completely miss something.
You hear some strange, mumbled words.
A magic dart appears from out of thin air!
The magic dart hits you.
Your leather armour prevents you from hitting something.
Something hits you but does no damage.
You closely miss something. You closely miss something.
You hear some strange, mumbled words.
You are confused.
You hear a bark!
You hear a bark!
You're too confused to move!
You hear some strange, mumbled words.
A puff of flame appears from out of thin air!
The puff of flame hits you!
* * * LOW HITPOINT WARNING * * *
The jackal barks!
You hear some strange, mumbled words.
You are more confused.
You bump into the rock wall.
Something hits you.
* * * LOW HITPOINT WARNING * * *
It was a potion of magic.
Magic courses through your body. Something hits you.
* * * LOW HITPOINT WARNING * * *
You're too confused to cast spells.
Sorry, you're not good enough to have a special ability.
You're too confused to cast spells.
It was a potion of mutation.
You feel extremely strange.
You feel the urge to shout.
You feel agile. Something hits you but does no damage.
It was a potion of degeneration.
There was something very wrong with that liquid.
You feel weakened.
You feel dopey.
You feel clumsy. Something hits you.
You die...

..# #.##.# #.###.## #.# #.##.#
#.# #... #.# #.##.# #.###.## #.#
#.##.# #.^...# #.## #.##.#
####### ...# #.##.# .#.####.##.#
.#...##.##.#############
####.##....##ho{@......#####
.#.........##h#####..>.....######
.#...####.###.# #.##.###.......
....## #.# #h# #.##.# ########
....# #.# #h# #.##.#
.....####.###.#####.##.#
.##.........h...o.#.##.#
###.###.#.###..##.#>##.# ....
....# #.###..##.#.##.# ###.


You could see an orc and 2 jackals.

Vanquished Creatures
  An orc priest (D:3)
  Natasha (twice) (D:3)
  3 adders (D:2)
  2 worms
  3 dart slugs
  5 orcs
  2 ball pythons
  5 endoplasms
  5 goblins
  3 hobgoblins
  3 jackals (D:3)
  5 kobolds
  4 quokkas
  3 frilled lizards
  6 rats
52 creatures vanquished.

Notes
Turn   | Place    | Note
-------+----------+-------------------------------------------
     0 | D:1      | lmSkywalker the Human Ice Elementalist began the quest for
                  | the Orb.
     0 | D:1      | Reached XP level 1. HP: 13/13 MP: 3/3
   458 | D:1      | Reached XP level 2. HP: 19/19 MP: 3/5
  1150 | D:1      | Reached XP level 3. HP: 24/24 MP: 6/6
  1485 | D:1      | Found Ruh Nennucw's General Store.
  1914 | D:2      | Found a faded altar of an unknown god.
  1927 | D:2      | Reached XP level 4. HP: 30/30 MP: 4/8
  1963 | D:2      | Noticed a great orb of eyes
  1968 | D:2      | Noticed a great orb of eyes
  1986 | D:2      | Noticed a floating eye
  1986 | D:2      | Noticed a great orb of eyes
  2622 | D:2      | Found a runed translucent door.
  2623 | D:2      | Noticed Crazy Yiuf
  3092 | D:3      | Noticed Natasha
  3098 | D:3      | Killed Natasha
  3099 | D:3      | Reached XP level 5. HP: 23/36 MP: 4/9
  3101 | D:3      | Noticed Natasha
  3112 | D:3      | Killed Natasha
  3483 | D:3      | Reached skill level 1 in Short Blades
  3609 | D:3      | Reached skill level 1 in Fighting
  3740 | D:3      | Gained mutation: You occasionally shout uncontrollably at
                  | your foes. [potion of mutation]
  3740 | D:3      | Gained mutation: You are agile. (Dex +2) [potion of
                  | mutation]
  3741 | D:3      | Slain by an orc wizard

Illustrated notes

Levels and vault maps discovered:
D:1:      minmay_arrival_checkered_box, layout_loops_corners, serial_shops,
          nicolae_lakefront_shop, minmay_misc_feat_cross,
          minmay_misc_feat_four_crosses, minmay_tripent
D:2:      layout_loops_ring, hellmonk_ecumenical_altar_watching_god,
          uniq_crazy_yiuf_cottage
D:3:      layout_loops_ring, mrwooster_statue_mirror, uniq_natasha, uniq_ijyb

Skill      XL: |  1  2  3  4  5 |
---------------+----------------+-----
Dodging        | 3 |  3.2
Short Blades   | 1 |  1.1
Spellcasting   | 3 |  3.0
Fighting       | 1 |  1.0
Armour         | |  0.9
Stealth        | |  2.0
Ice Magic      | |  4.8

Action                   |  1- 3 |  4- 6 || total
-------------------------+-------+-------++-------
Melee: Club              |    13 |       ||    13
       Short sword       |    26 |    81 ||   107
Throw: Stone             |    33 |    17 ||    50
 Cast: Freeze            |    25 |    25 ||    50
  Use: Potion            |       |     3 ||     3
 Stab: Sleeping          |     6 |       ||     6
Armor: Robe              |     2 |     3 ||     5
       Ring mail         |       |     9 ||     9
       Leather armour    |       |     4 ||     4
Dodge: Dodged            |    28 |    43 ||    71

Table legend: (Time is in decaauts)
 A = Elapsed time spent in this place.
 B = Non-inter-level travel time spent in this place.
 C = Inter-level travel time spent in this place.
 D = Time resting spent in this place.
 E = Time spent auto-exploring this place.
 F = Levels seen in this place.
 G = Mean time per level.
                   A        B        C        D        E       F      G
               +--------+--------+--------+--------+--------+-----+--------+
         Total |   3739 |   3636 |    103 |    707 |   1962 |   3 | 1246.3 |
       Dungeon |   3739 |   3636 |    103 |    707 |   1962 |   3 | 1246.3 |
               +--------+--------+--------+--------+--------+-----+--------+

Top non-repeatable levels by time:
     D:1: 1538 daAuts
     D:2: 1393 daAuts
     D:3: 808 daAuts
